 Dungeon Crawl Stone Soup version 0.18.1-6-gd335043 (webtiles) character file.

1892 Romlok the Carver (level 9, -6/61 HPs)
             Began as an Octopode Skald on May 16, 2016.
             Was an Initiate of Pakellas.
             Killed from afar by an orc wizard (9 damage)
             ... with a puff of flame
             ... on level 8 of the Dungeon.
             The game lasted 01:12:25 (10213 turns).

Romlok the Carver (Octopode Skald)                 Turns: 10213, Time: 01:12:25

Health: -6/61      AC:  5    Str: 16    XL:     9   Next: 15%
Magic:  4/12       EV: 12    Int: 14    God:    Pakellas [......]
Gold:   449        SH:  0    Dex: 14    Spells: 3 memorised, 6 levels left

rFire  . . .     SeeInvis .     a - +0 falchion
rCold  . . .     Gourm    .     (no shield)
rNeg   . . .     Faith    .     (helmet restricted)
rPois  .         Spirit   .     j - amulet of dismissal
rElec  .         Dismiss  +     r - ring "Qoum" {Str+5 Int+2}
rCorr  .         Reflect  .     w - ring of flight
SustAt .         Harm     .     (no ring)
MR     .....                    (no ring)
Stlth  ++++......               (no ring)
                                (no ring)
                                (no ring)
                                (no ring)

@: not resistant to hostile enchantments, stealthy
A: almost no armour, amphibious, 8 rings, constrict 8, tentacle spike 1, rough
black scales 1, camouflage 1, dopey 1, gelatinous body 1
a: Renounce Religion, Evoke Flight


You were on level 8 of the Dungeon.
You worshipped Pakellas.
Pakellas was noncommittal.
You were hungry.

You visited 2 branches of the dungeon, and saw 9 of its levels.

You collected 449 gold pieces.

Inventory:

Hand Weapons
 a - a +0 falchion (weapon)
Missiles
 g - 130 stones (quivered)
 o - 7 tomahawks
Magical Staves
 l - an uncursed staff of earth {unknown}
Jewellery
 j - an amulet of dismissal (around mantle)
 r - the ring "Qoum" (left tentacle) {Str+5 Int+2}
   (You found it on level 6 of the Dungeon)

   [ring of strength]

   It affects your strength (+5).
   It affects your intelligence (+2).
 w - a ring of flight (right tentacle)
Wands
 p - a wand of digging (23/24)
 q - a wand of random effects (21/48)
Scrolls
 e - 2 scrolls of blinking
 i - a scroll of identify
 m - a scroll of teleportation
 t - a scroll of amnesia
Potions
 n - 2 potions of brilliance
 v - a potion of flight
Books
 b - a book of Battle

   Spells                             Type                      Level
   a - Infusion                       Charms                       1
   b - Shroud of Golubria             Charms/Translocation         2
   c - Song of Slaying                Charms                       2
   d - Spectral Weapon                Hexes/Charms                 3
   e - Regeneration                   Charms/Necromancy            3
Comestibles
 c - 4 bread rations
 d - 2 chunks of flesh
 f - 2 royal jellies
 h - 6 meat rations
 k - 2 fruits


   Skills:
 - Level 5.0 Fighting
 * Level 10.2 Long Blades
 - Level 1.5 Dodging
 - Level 4.5 Stealth
 - Level 2.0 Spellcasting
 - Level 3.0 Charms


You had 6 spell levels left.
You knew the following spells:

 Your Spells              Type           Power        Failure   Level  Hunger
a - Infusion              Chrm           #...         10%         1    ##.....
c - Shroud of Golubria    Chrm/Tloc      #.........   21%         2    ###....
r - Regeneration          Chrm/Necr      #.........   38%         3    ####...


Dungeon Overview and Level Annotations

Branches:
Dungeon (8/15)             Temple (1/1) D:4
   Lair: D:8-11

Altars:
Ashenzari
Cheibriados
Dithmenos
Elyvilon
Fedhas
Gozag
Makhleb
Nemelex Xobeh
Okawaru
Pakellas
Qazlal
Ru
Trog
Xom
Yredelemnul
Zin
The Shining One

Shops:
D:8 [

Annotations:
D:4 exclusions: ogre and 1 more exclusion, Grinder
D:5 Menkaure


Innate Abilities, Weirdness & Mutations

You cannot wear most types of armour.
You are amphibious.
You can wear up to eight rings at the same time.
You can use your tentacles to constrict eight enemies at once.
Your skin changes colour to match your surroundings (Stealth).
Your rubbery body absorbs attacks (AC +1).
One of your tentacles bears a spike.
You are partially covered in rough black scales (AC +4, Dex -1).
You are dopey. (Int -2)


Message History

A puff of flame appears from out of thin air!
The puff of flame hits you!
* * * LOW HITPOINT WARNING * * *
Drink which item? (? for menu, Esc to quit)
Okay, then.
Read which item? (? for menu, Esc to quit)
Okay, then.
Unknown command.
You are feeling hungry.
A magic dart appears from out of thin air!
The magic dart hits you!
* * * LOW HITPOINT WARNING * * *
Something tries to affect you, but you resist.
A puff of flame appears from out of thin air!
The puff of flame hits you!
* * * LOW HITPOINT WARNING * * *
A puff of flame appears from out of thin air!
The puff of flame hits you!
You die...
Pakellas says: Time to find a new assistant...

##..##
#....##
##...##
#.."...
##.....##
#S####.
#.......#
#o# ##
#.......#
#<#
#.......#
###
##.....##
##.....##
#...@...#
#.......#
#.......#
##.....##
##<..##
#####


There were no monsters in sight!

Vanquished Creatures
  2 orc warriors
  2 ice beasts (D:6)
  2 ogres
  A centaur (D:7)
  A giant frog (D:6)
  2 scorpions (D:6)
  3 killer bees (D:7)
  4 crimson imps
  A giant frog zombie (D:6)
  2 hounds
  A quasit (D:7)
  5 orc priests
  6 orc wizards
  2 iguanas
  5 worker ants
  A hound zombie (D:7)
  A hound skeleton (D:6)
  2 adders
  8 gnolls (D:6)
  2 oozes (D:2)
  An adder zombie (D:5)
  An adder skeleton (D:4)
  2 worms (D:2)
  2 giant geckos
  30 orcs
  4 bats
  2 giant cockroaches
  3 goblins
  6 hobgoblins
  6 jackals
  2 quokkas
  2 ball pythons
  A giant gecko zombie (D:7)
  2 giant newts
  3 kobolds
  6 rats
126 creatures vanquished.

Notes
Turn   | Place    | Note
--------------------------------------------------------------
     0 | D:1      | Romlok the Octopode Skald began the quest for the Orb.
     0 | D:1      | Reached XP level 1. HP: 14/14 MP: 3/3
   662 | D:1      | Reached XP level 2. HP: 20/20 MP: 5/5
  1038 | D:2      | Reached XP level 3. HP: 16/25 MP: 6/6
  1272 | D:2      | Reached skill level 3 in Long Blades
  1743 | D:3      | Found a sparkling altar of Nemelex Xobeh.
  1835 | D:3      | Reached XP level 4. HP: 20/31 MP: 7/7
  1856 | D:3      | Learned a level 2 spell: Shroud of Golubria
  1860 | D:3      | Learned a level 3 spell: Regeneration
  2046 | D:3      | Gained mutation: One of your tentacles bears a spike. [potion of beneficial mutation]
  2400 | D:4      | Noticed an ogre
  2671 | D:4      | Found a staircase to the Ecumenical Temple.
  2679 | Temple   | Entered the Ecumenical Temple
  2867 | D:4      | Reached XP level 5. HP: 37/37 MP: 5/8
  2953 | D:4      | Noticed Grinder
  3060 | D:4      | Noticed an ogre
  3153 | D:4      | Reached skill level 4 in Long Blades
  3166 | D:4      | Found a shimmering altar of Xom.
  3318 | D:5      | Entered Level 5 of the Dungeon
  3887 | D:5      | Reached XP level 6. HP: 44/44 MP: 9/9
  3934 | D:5      | Noticed Menkaure
  3953 | D:5      | Found a snail-covered altar of Cheibriados.
  3972 | D:5      | Noticed an ice beast
  4527 | D:5      | Reached skill level 5 in Fighting
  4639 | D:5      | Reached skill level 5 in Long Blades
  4639 | D:5      | Reached skill level 1 in Stealth
  4849 | D:6      | Noticed an ice beast
  4879 | D:6      | Reached XP level 7. HP: 42/50 MP: 6/10
  4931 | D:6      | HP: 2/50 [something (1)]
  5261 | D:6      | Got a faintly glowing glass ring
  5262 | D:6      | Identified the ring "Qoum" {Str+5 Int+2} (You found it on level 6 of the Dungeon)
  5399 | D:6      | Reached skill level 6 in Long Blades
  6399 | D:6      | Found a glowing silver altar of Zin.
  6406 | D:6      | Reached XP level 8. HP: 55/55 MP: 8/11
  6457 | D:6      | Reached skill level 7 in Long Blades
  7172 | D:6      | Reached skill level 8 in Long Blades
  7310 | D:6      | Found a burning altar of Makhleb.
  7310 | D:6      | Found a basalt altar of Yredelemnul.
  7378 | D:6      | Gained mutation: You are partially covered in rough black scales (AC +4, Dex -1). [potion of mutation]
  7378 | D:6      | Gained mutation: You are dopey. (Int -2) [potion of mutation]
  7554 | D:7      | Found a shattered altar of Ashenzari.
  7582 | D:7      | Found an oddly glowing altar of Pakellas.
  7582 | D:7      | Found a stormy altar of Qazlal.
  7585 | D:7      | Found a bloodstained altar of Trog.
  7588 | D:7      | Became a worshipper of Pakellas the Inventive
  8055 | D:7      | Found a sparkling altar of Nemelex Xobeh.
  8610 | D:7      | Reached skill level 9 in Long Blades
  9160 | D:7      | Reached XP level 9. HP: 52/61 MP: 8/12
  9225 | D:7      | Reached skill level 10 in Long Blades
  9578 | D:8      | Found Qais's Armour Boutique.
 10212 | D:8      | HP: 3/61 [something/puff of flame (7)]
 10213 | D:8      | Killed from afar by an orc wizard

Skill      XL: |  1  2  3  4  5  6  7  8  9 |
---------------+----------------------------+-----
Long Blades    | 3 4 5 6 9 10 | 10.2
Fighting       | 3 4 5 |  5.0
Stealth        | 2 4 |  4.5
Dodging        | |  1.5
Spellcasting   | |  2.0
Charms         | |  3.0

Action                   |  1- 3 |  4- 6 |  7- 9 || total
-------------------------+-------+-------+-------++-------
Melee: Falchion          |    65 |    96 |   265 ||   426
       Constrict         |    18 |    29 |    50 ||    97
       Tentacles         |     9 |    19 |    55 ||    83
       Kick              |       |    33 |    94 ||   127
Throw: Stone             |    17 |    22 |    59 ||    98
 Cast: Shroud of Golubri |       |    14 |    33 ||    47
Evoke: Wand              |       |       |     6 ||     6
  Use: Potion            |     6 |     4 |     3 ||    13
       Scroll            |       |     7 |     4 ||    11
 Stab: Sleeping          |     7 |       |     3 ||    10
       Paralysed         |       |       |     2 ||     2
  Eat: Chunk             |     3 |    10 |     8 ||    21
       Pizza             |       |     1 |       ||     1
       Beef jerky        |       |       |     1 ||     1
       Bread ration      |       |       |     2 ||     2
       Fruit             |       |       |     1 ||     1
Armor: Skin              |       |     4 |    25 ||    29
Dodge: Dodged            |    32 |    46 |   142 ||   220
